 Dungeon Crawl Stone Soup version 0.30.0-29-ga12c61a403 (webtiles) character file.

Game seed: 10809192600719043699

89 booth the Conjurer (level 4, -5/34 HPs)
             Began as a Demonspawn Reaver on June 25, 2023.
             Killed by divine providence
             ... invoked by an orc priest
              (17 damage)
             ... on level 3 of the Dungeon.
             The game lasted 00:15:46 (2017 turns).

booth the Conjurer (Demonspawn Reaver)              Turns: 2017, Time: 00:15:46

Health: -5/34      AC:  9    Str: 14    XL:     4   Next: 31%
Magic:  7/7        EV: 12    Int: 14    God:
Gold:   128        SH:  0    Dex: 12    Spells: 2/8 levels left

rFire   + . .        a - +0 hand axe (venom)
rCold   . . .        (no shield)
rNeg    . . .        q - +1 leather armour {rF+}
rPois   .            e - +2 helmet
rElec   .            j - +0 cloak
rCorr   .            (no gloves)
SInv    .            n - +0 pair of boots
Will    .....        g - amulet of regeneration
Stlth   +            (no ring)
HPRegen 1.05/turn    (no ring)
MPRegen 0.10/turn

%: no passive effects
@: lethally poisoned (-5 -> -6)
A: ignite blood 1, weakness stinger 1
a: no special abilities


You were on level 3 of the Dungeon.
You visited 1 branch of the dungeon, and saw 3 of its levels.

You collected 128 gold pieces.

Inventory:

Hand Weapons
 a - a +0 hand axe of venom (weapon)
Missiles
 o - 4 poisoned darts (quivered)
Armour
 e - a +2 helmet (worn)
 j - a +0 cloak (worn)
 n - a +0 pair of boots (worn)
 q - a +1 leather armour of fire resistance (worn)
Jewellery
 g - an amulet of regeneration (around neck)
 p - a +4 ring of protection
Scrolls
 l - a scroll of fear
 m - 2 scrolls of teleportation {unknown}
Potions
 b - a potion of resistance
 c - a potion of cancellation
 d - 2 potions of curing
 f - a potion of attraction {unknown}
 h - a potion of might {unknown}
 i - a potion of degeneration {unknown}
 k - a potion of lignification


   Skills:
 + Level 2.6 Fighting
 * Level 3.2 Axes
 + Level 2.4 Dodging
 + Level 2.5 Spellcasting
 + Level 3.4 Conjurations
 + Level 0.1 Ice Magic


You had 2 spell levels left.
You knew the following spells:

 Your Spells              Type           Power      Damage    Failure   Level
a - Kiss of Death         Conj/Necr      24%        2d7       14%         1
b - Momentum Strike       Conj/Tloc      12%        3d8       22%         2
c - Hailstorm             Conj/Ice       6%         3d4       38%         3

Your spell library contained the following spells:

 Spells                   Type           Power      Damage    Failure   Level
 Freeze                   Ice            8%         1d3       26%         1
 Apportation              Tloc           2%         N/A       28%         1
 Frozen Ramparts          Ice            4%         1d1       63%         3
 Ozocubu's Armour         Ice            2%         N/A       63%         3
 Alistair's Intoxication  Tmut/Pois      0%         N/A       100%        5
 Metabolic Englaciation   Hex/Ice        0%         N/A       100%        5
 Simulacrum               Ice/Necr       0%         N/A       100%        6


Dungeon Overview and Level Annotations

Branches:
Dungeon (3/15)

Altars:

Shops:
D:2 :


Innate Abilities, Weirdness & Mutations

Your demonic aura sometimes causes spilled blood to erupt in flames.
You have a small tail.


Message History

The orc is severely wounded.
The orc hits you but does no damage.
You feel better.
You kill the orc!
You hit the orc.
The orc is poisoned.
The orc is lightly wounded.
The orc is engulfed in blazing flames.
You kill the orc!
The orc priest hits you but does no damage.
You are poisoned.
Items here: ( ))) [[ ††.
You barely miss the orc priest.
You tail-slap the orc priest, but do no damage.
You feel sick. The orc priest misses you.
You hit the orc priest.
The orc priest is poisoned.
The orc priest is lightly wounded.
You feel sick.
The orc priest hits you but does no damage.
You are more poisoned.
You completely miss the orc priest.
The orc priest is lightly wounded.
You feel very sick. The orc priest closely misses you.
You hit the orc priest.
The orc priest is heavily wounded.
You feel very sick.
The orc priest hits you with a +2 dagger of venom.
You hit the orc priest but do no damage.
You tail-slap the orc priest, but do no damage.
The orc priest is heavily wounded.
You feel sick.
The orc priest invokes the aid of Beogh against you.
Pain shoots through your body!
You hit the orc priest but do no damage.
The orc priest is heavily wounded.
You feel sick.
The orc priest invokes the aid of Beogh against you.
Beogh smites you!
Ouch! That really hurt!
You die...

# ########## .........#
.........##
..........###
............#
#...#######.# ..###
#####.##########..
..#####.........@o.....#
........######.#######.#
†##...### #.# .####.#
#.. .# #.# ###. ## #.#
.. #.# .. #.## ......
#..### ...


You could see an orc priest (very poisoned).

Vanquished Creatures
  2 adders (D:2)
  A worm (D:2)
  2 dart slugs
  4 orcs
  9 bats
  6 endoplasms
  3 giant cockroaches (D:1)
  5 goblins
  2 hobgoblins (D:1)
  3 jackals (D:1)
  6 kobolds
  5 ball pythons
  4 frilled lizards
  4 rats
56 creatures vanquished.

Notes
Turn   | Place    | Note
-------+----------+-------------------------------------------
     0 | D:1      | booth the Demonspawn Reaver began the quest for the Orb.
     0 | D:1      | Reached XP level 1. HP: 16/16 MP: 3/3
   237 | D:1      | Gained mutation: You have a small tail. [demonic ancestry]
   237 | D:1      | Reached XP level 2. HP: 22/22 MP: 5/5
   240 | D:1      | Learned a level 2 spell: Momentum Strike
   549 | D:1      | Gained mutation: Your demonic aura sometimes causes spilled
                  | blood to erupt in flames. [demonic ancestry]
   549 | D:1      | Reached XP level 3. HP: 28/28 MP: 6/6
   573 | D:1      | Learned a level 3 spell: Hailstorm
  1153 | D:2      | Found Qeatt's Book Shop.
  1279 | D:2      | Reached XP level 4. HP: 29/34 MP: 7/7
  2017 | D:3      | Killed from afar by an orc priest

Illustrated notes

Levels and vault maps discovered:
D:1:      dpeg_arrival_stone_temple_mockup, layout_basic
D:2:      layout_loops_cross, serial_shops, nicolae_shop_stone
D:3:      layout_rooms, minivault_23

Skill      XL: |  1  2  3 |
---------------+----------+-----
Dodging        | 2 |  2.4
Axes           | 3 |  3.2
Fighting       | |  2.6
Spellcasting   | |  2.5
Conjurations   | |  3.4
Ice Magic      | |  0.1

Action                     |  1- 3 |  4- 6 || total
---------------------------+-------+-------++-------
  Melee: Hand axe          |   120 |    54 ||   174
         Punch             |     3 |       ||     3
         Tailslap          |    10 |     7 ||    17
  Throw: Dart              |       |     2 ||     2
    Use: Scroll            |     3 |     5 ||     8
         Potion            |       |     1 ||     1
 Armour: Leather armour    |    46 |    12 ||    58
  Dodge: Dodged            |    72 |    33 ||   105
